 Dungeon Crawl Stone Soup version 0.26-a0-738-g91b530ce93 (webtiles) character file.

Game seed: 12590574560591750728

197 Forecaster the Stinger (level 5, 0/44 HPs)
             Began as a Naga Venom Mage on Nov 5, 2020.
             Slain by a gnoll
             ... wielding a +0 halberd
              (12 damage)
             ... on level 3 of the Dungeon.
             The game lasted 00:09:34 (2581 turns).

Forecaster the Stinger (Naga Venom Mage)            Turns: 2581, Time: 00:09:35

Health: 0/44       AC:  2    Str: 11    XL:     5   Next: 75%
Magic:  0/9        EV: 10    Int: 16    God:
Gold:   116        SH:  0    Dex: 11    Spells: 7/10 levels left

rFire    + . .     SeeInvis +   n - +3 dagger (venom)
rCold    x . .     Faith    +   (no shield)
rNeg     . . .     Spirit   .   a - +0 robe
rPois    +         Reflect  .   (no helmet)
rElec    .         Harm     .   q - scarf {repulsion}
rCorr    .         Rampage  .   (no gloves)
MR       .....                  (no barding)
Stlth    ++........             f - amulet of faith
HPRegen  0.14/turn              d - ring of fire
MPRegen  0.11/turn              (no ring)

@: repel missiles, very slow
A: large, see invisible, deformed body, poison resistance, slowness 2, spit
poison 1, AC +1
a: Spit Poison


You were on level 3 of the Dungeon.
You visited 1 branch of the dungeon, and saw 3 of its levels.

You collected 116 gold pieces.

Inventory:

Hand Weapons
 b - a +0 club
 i - a +0 hand axe
 n - a +3 dagger of venom (weapon)
Armour
 a - a +0 robe (worn)
 q - a scarf of repulsion (worn)
Jewellery
 d - a ring of fire (left hand)
 f - an amulet of faith (around neck)
Scrolls
 e - a scroll of blinking {unknown}
 g - 2 scrolls of immolation {unknown}
 j - 2 scrolls of identify {unknown}
 k - a scroll of enchant weapon {unknown}
 l - a scroll of remove curse
 o - a scroll of magic mapping {unknown}
 p - a scroll of teleportation {unknown}
Potions
 c - a potion of degeneration {unknown}
 h - a potion of curing {unknown}
 m - 2 potions of heal wounds {unknown}
 r - a potion of haste {unknown}
 s - a potion of flight {unknown}


   Skills:
 + Level 1.4 Fighting
 + Level 0.2 Axes
 + Level 2.0 Dodging
 + Level 3.0 Stealth
 + Level 0.2 Unarmed Combat
 + Level 3.0 Spellcasting
 + Level 1.1 Transmutations
 + Level 2.4 Air Magic
 + Level 5.5 Poison Magic


You had 7 spell levels left.
You knew the following spells:

 Your Spells              Type           Power        Failure   Level
a - Sting                 Tmut/Pois      ##..         4%          1
b - Poisonous Vapours     Pois/Air       ###...       5%          2

Your spell library contained the following spells:

 Spells                   Type           Power        Failure   Level
 Mephitic Cloud           Conj/Pois/Air  ##......     19%         3
 Olgreb's Toxic Radiance  Pois           ###.....     19%         4
 Ignite Poison            Fire/Tmut/Pois ##......     22%         3


Dungeon Overview and Level Annotations

Branches:
Dungeon (3/15)

Altars:

Annotations:
D:2 1 runed translucent door, Crazy Yiuf


Innate Abilities, Weirdness & Mutations

You cannot wear boots.
Your serpentine skin is tough. (AC +1)
You have supernaturally acute eyesight. (SInv)
Armour fits poorly on your strangely shaped body.
Your system is resistant to poisons. (rPois)
You cover ground very slowly.
You can spit poison.


Message History

The gnoll hits you!
You hit the gnoll.
The gnoll looks as sick as possible!
The gnoll is severely wounded.
A gnoll comes into view. It is wielding a +0 halberd.
The gnoll hits you!
Casting: Poisonous Vapours (safe; 6% risk of failure)
Confirm with . or Enter, or press ? or * to list all spells.
Press: ? - help, Dir - move target cursor, f - gnoll, p - gnoll
Aim: a gnoll, wielding a +0 halberd Poisonous vapours surround the gnoll!
You kill the gnoll!
The gnoll is engulfed in poison gas.
The gnoll is poisoned.
The gnoll completely misses you. The gnoll hits you with a +0 halberd!
* * * LOW HITPOINT WARNING * * *
You see here a gnoll corpse.
You hit the gnoll.
The gnoll looks as sick as possible!
The gnoll is severely wounded.
The gnoll hits you with a +0 halberd!
You die...

#.# ... #.# ..) #.#
.. #.#.. ##.#. ...
#### ###g#
.....#..@#
.........# ######
.#.....#######.
#.....
....##.#.......<
#..... .##
#.#.###########.....
#.#...........'.....
#<#..##########.....
###......<..........
.....#...####......


You could see a gnoll (extremely poisoned).

Vanquished Creatures
  Jessica (D:2)
  Natasha (thrice) (D:2)
  2 gnolls (D:3)
  3 adders (D:2)
  A worm (D:2)
  2 leopard geckos
  2 ball pythons
  7 bats
  2 giant cockroaches
  5 goblins
  3 hobgoblins
  2 quokkas (D:2)
  4 frilled lizards
  5 kobolds
  11 rats
53 creatures vanquished.

Vanquished Creatures (others)
  A fungus (D:2)
1 creature vanquished.

Grand Total: 54 creatures vanquished

Notes
Turn   | Place    | Note
-------+----------+-------------------------------------------
     0 | D:1      | Forecaster the Naga Venom Mage began the quest for the Orb.
     0 | D:1      | Reached XP level 1. HP: 15/15 MP: 3/3
   212 | D:1      | Reached XP level 2. HP: 22/22 MP: 1/5
   216 | D:1      | Learned a level 2 spell: Poisonous Vapours
   904 | D:1      | Reached skill level 5 in Poison Magic
  1107 | D:1      | Reached XP level 3. HP: 28/28 MP: 3/6
  1240 | D:2      | Noticed Natasha
  1247 | D:2      | Killed Natasha
  1499 | D:2      | Reached XP level 4. HP: 36/36 MP: 1/7
  1554 | D:2      | Noticed Jessica
  1563 | D:2      | Killed Jessica
  1563 | D:2      | Reached skill level 1 in Air Magic
  1847 | D:2      | Noticed Natasha
  1852 | D:2      | Killed Natasha
  1852 | D:2      | Reached skill level 1 in Fighting
  1852 | D:2      | Reached XP level 5. HP: 33/44 MP: 1/8
  1926 | D:2      | Noticed Natasha
  1931 | D:2      | Killed Natasha
  2461 | D:2      | Found a runed translucent door.
  2462 | D:2      | Noticed Crazy Yiuf
  2581 | D:3      | Slain by a gnoll

Illustrated notes

Levels and vault maps discovered:
D:1:      ncdulo_lavacross, layout_basic
D:2:      layout_rooms, minmay_misc_feat_doors, uniq_crazy_yiuf_cottage,
          uniq_natasha, uniq_jessica
D:3:      layout_basic

Skill      XL: |  1  2  3  4  5 |
---------------+----------------+-----
Poison Magic   | 5 |  5.5
Air Magic      | 1 2 |  2.4
Dodging        | 2 |  2.0
Fighting       | 1 |  1.4
Spellcasting   | 3 |  3.0
Axes           | |  0.2
Stealth        | |  3.0
Unarmed Combat | |  0.2
Transmutations | |  1.1

Action                   |  1- 3 |  4- 6 || total
-------------------------+-------+-------++-------
Melee: Unarmed           |     8 |       ||     8
       Hand axe          |     7 |       ||     7
       Dagger            |    11 |    19 ||    30
 Cast: Sting             |    12 |       ||    12
       Poisonous Vapours |    25 |    31 ||    56
 Abil: Spit Poison       |     1 |       ||     1
  Use: Scroll            |     1 |     1 ||     2
Armor: Robe              |     5 |       ||     5
Dodge: Dodged            |    16 |     6 ||    22

Table legend: (Time is in decaauts)
 A = Elapsed time spent in this place.
 B = Non-inter-level travel time spent in this place.
 C = Inter-level travel time spent in this place.
 D = Time resting spent in this place.
 E = Time spent auto-exploring this place.
 F = Levels seen in this place.
 G = Mean time per level.
                   A        B        C        D        E       F      G
               +--------+--------+--------+--------+--------+-----+--------+
         Total |   2983 |   2947 |     36 |    720 |   1773 |   3 |  994.3 |
       Dungeon |   2983 |   2947 |     36 |    720 |   1773 |   3 |  994.3 |
               +--------+--------+--------+--------+--------+-----+--------+

Top non-repeatable levels by time:
     D:2: 1520 daAuts
     D:1: 1361 daAuts
     D:3: 101 daAuts
